 Dungeon Crawl Stone Soup version 0.27-a0-1202-ge72e49191c (webtiles) character file.

Game seed: 13480027283055928122

18949 pokeman the Eclecticist (level 12, -1/66 HPs)
             Began as a Deep Elf Hedge Wizard on June 3, 2021.
             Was an Elder of Vehumet.
             Killed from afar by a frost giant (13 damage)
             ... with a bolt of cold
             ... in an ice cave.
             The game lasted 00:46:15 (16691 turns).

pokeman the Eclecticist (Deep Elf Hedge Wizard)    Turns: 16691, Time: 00:46:16

Health: -1/66      AC: 10    Str:  7    XL:     12   Next: 32%
Magic:  43/43      EV: 17    Int: 30    God:    Vehumet [****..]
Gold:   726        SH:  5    Dex: 14    Spells: 26/43 levels left

rFire    . . .     SeeInvis .   y - +5 mace of Fauck {vorpal, rF- rC+ rN+ rCorr}
rCold    + . .     Faith    .   E - +0 buckler "Guerisoe" {rF+ Int+5}
rNeg     + . .     Spirit   .   F - +1 steam dragon scales
rPois    .         Reflect  .   g - +0 helmet
rElec    .         Harm     .   (no cloak)
rCorr    +         Rampage  .   n - +0 pair of gloves
Will     +....                  h - +0 pair of boots
Stlth    ++........             M - amulet of regeneration
HPRegen  1.21/turn              x - ring of magical power
MPRegen  0.28/turn              O - +4 ring of evasion

@: no status effects
A: no striking features
a: Renounce Religion


You were in an ice cave.
You worshipped Vehumet.
Vehumet was greatly pleased with you.
You visited 3 branches of the dungeon, and saw 14 of its levels.
You also visited: Ice Cave.

You collected 738 gold pieces.
You spent 12 gold pieces at shops.

Inventory:

Hand Weapons
 a - a +2 dagger of venom
 i - a +0 arbalest
 y - the +5 mace of Fauck (weapon) {vorpal, rF- rC+ rN+ rCorr}
   (You found it on level 4 of the Dungeon)

   It inflicts extra damage upon your enemies.
   It makes you vulnerable to fire.
   It protects you from cold.
   It protects you from negative energy.
   It protects you from acid and corrosion.
 P - a +0 vorpal shortbow
 T - the +7 sceptre of Torment {pain, torment}
   (You found it in an ice cave)

   In the hands of one skilled in necromantic magic, it inflicts extra damage on
   living creatures.
Missiles
 w - 233 arrows
 K - 35 bolts
Armour
 g - a +0 helmet (worn)
 h - a +0 pair of boots (worn)
 n - a +0 pair of gloves (worn)
 z - the +0 ring mail of Birdsong {Rampage Will+ Stlth+}
   (You took it off an orc on level 5 of the Dungeon)

   It bestows one free step when moving towards enemies.
   It increases your willpower.
   It makes you more stealthy.
 E - the +0 buckler "Guerisoe" (worn) {rF+ Int+5}
   (You found it on level 7 of the Dungeon)

   It affects your intelligence (+5).
   It protects you from fire.
 F - +1 steam dragon scales (worn)
 Q - a +0 troll leather armour
Jewellery
 x - a ring of magical power (left hand)
 A - an amulet of guardian spirit
 M - an amulet of regeneration (around neck)
 O - a +4 ring of evasion (right hand)
 R - a ring of wizardry
Wands
 l - a wand of flame (45)
 m - a wand of polymorph (1)
 o - a wand of acid (8)
 s - a wand of iceblast (38)
Scrolls
 b - 3 scrolls of immolation {unknown}
 j - 6 scrolls of magic mapping
 k - 6 scrolls of identify {unknown}
 p - 8 scrolls of teleportation {unknown}
 r - 3 scrolls of amnesia {unknown}
 t - 2 scrolls of blinking {unknown}
 v - a scroll of vulnerability {unknown}
 B - 2 scrolls of enchant weapon {unknown}
 G - a scroll of enchant armour {unknown}
 J - a scroll of silence {unknown}
 L - a scroll of holy word {unknown}
 U - a scroll of fear {unknown}
 V - a scroll of fog {unknown}
Potions
 c - 2 potions of flight {unknown}
 d - 2 potions of haste {unknown}
 e - a potion of brilliance {unknown}
 f - a potion of berserk rage {unknown}
 q - 2 potions of invisibility {unknown}
 u - 2 potions of curing {unknown}
 C - 2 potions of degeneration {unknown}
 D - 2 potions of magic {unknown}
 H - a potion of resistance {unknown}
 I - 3 potions of lignification {unknown}
 N - a potion of heal wounds {unknown}
 S - 2 potions of attraction {unknown}


   Skills:
 + Level 4.1 Fighting
 - Level 4.0 Armour
 - Level 3.3 Dodging
 - Level 3.2 Stealth
 - Level 4.0 Shields
 * Level 16.3 Spellcasting
 + Level 10.1 Conjurations
 - Level 1.1 Summonings
 - Level 1.0 Necromancy
 - Level 1.1 Translocations
 - Level 1.0 Transmutations
 + Level 9.6 Fire Magic
 - Level 1.2 Air Magic
 - Level 1.0 Earth Magic
 - Level 1.2 Poison Magic
 - Level 1.2 Evocations


You had 26 spell levels left.
You knew the following spells:

 Your Spells              Type           Power      Damage    Failure   Level
a - Magic Dart            Conj           100%       1d8       1%          1
b - Mephitic Cloud        Conj/Pois/Air  49%        N/A       1%          3
c - Call Imp              Summ           31%        N/A       1%          2
d - Blink                 Tloc           N/A        N/A       1%          2
e - Conjure Flame         Conj/Fire      70%        6-21      1%          3
f - Shock                 Conj/Air       100%       1d9       1%          1
g - Stone Arrow           Conj/Erth      100%       3d13      1%          3
h - Passwall              Tmut/Erth      25%        N/A       1%          2

Your spell library contained the following spells:

 Spells                   Type           Power      Damage    Failure   Level
 Frozen Ramparts          Ice            48%        1d6       1%          3
 Animate Skeleton         Necr           60%        N/A       1%          1
 Pain                     Necr           100%       1d9       1%          1
 Sandblast                Erth           60%        2d14      1%          1
 Summon Small Mammal      Summ           100%       N/A       1%          1
 Slow                     Hex            24%        N/A       2%          2
 Call Canine Familiar     Summ           31%        N/A       3%          3
 Vampiric Draining        Necr           15%        2d8       3%          3
 Summon Guardian Golem    Hex/Summ       27%        N/A       4%          3
 Lee's Rapid Deconstruct  Erth           15%        3d11*     9%          5
 Summon Lightning Spire   Summ/Air       31%        N/A       11%         4
 Animate Dead             Necr           15%        N/A       12%         4
 Petrify                  Tmut/Erth      30%        N/A       12%         4
 Summon Ice Beast         Ice/Summ       27%        N/A       14%         4
 Agony                    Necr           30%        N/A       34%         5


Dungeon Overview and Level Annotations

Branches:
Dungeon (12/15)            Temple (1/1) D:4            Lair (0/6) D:9
    Orc (1/2) D:9           IceCv (1/1)

Altars:
Ashenzari
Elyvilon
Fedhas
Gozag
Hepliaklqana
Kikubaaqudgha
Makhleb
Nemelex Xobeh
Okawaru
Qazlal
Ru
Sif Muna
Trog
Uskayaw
Vehumet
Wu Jian
Yredelemnul
Zin
The Shining One

Shops:
D:1 [   D:5 *   D:9 (

Portals:
Trove: D:12 (give 7 potions of haste)


Message History

The stone arrow hits the death yak!!
The death yak is severely wounded.
The death yak is engulfed in freezing vapours.
Unknown command.
Casting: Stone Arrow (safe; 1% risk of failure)
Confirm with . or Enter, or press ? or * to list all spells.
Aiming: Stone Arrow (safe; 1% risk of failure)
Press: ? - help, Shift-Dir - straight line, f/p - death yak
Aim: a death yak (flame, severely wounded, 92% to hit)
The stone arrow hits the death yak!
You kill the death yak!
Vehumet accepts your kill.
You feel your power returning.
You start resting.
Magic restored.
You see here a death yak corpse.
You enter the shallow water.
Moving in this stuff is going to be slow.
A polar bear comes into view.
A frost giant comes into view.
It is wielding a +1 battleaxe of freezing.
The polar bear moves out of view.
You enter the shallow water.
Moving in this stuff is going to be slow.
You are engulfed in freezing vapours.
You resist.
The frost giant shouts!
You hear an angry growl. x3
The frost giant casts a spell at you. The bolt of cold hits you!! You resist.
You are engulfed in freezing vapours.
You resist.
You are engulfed in freezing vapours.
You resist.
You are engulfed in freezing vapours.
You resist.
* * * LOW HITPOINT WARNING * * *
The frost giant casts a spell at you. The bolt of cold hits you! You resist.
* * * LOW HITPOINT WARNING * * *
A polar bear comes into view.
You hear an angry growl.
You see here a death yak corpse.
The frost giant casts a spell at you. The bolt of cold hits you! You resist.
You die...

## ≈ ##. #≈≈≈##°.#
#≈≈≈###h####
≈≈≈≈≈≈#..°○### ###
≈≈≈≈≈≈○####°C#####.###
≈≈≈≈≈≈≈≈≈####.†##.#..###
≈≈≈≈≈≈##.#.####.@####..#
≈≈≈≈≈≈≈##..####### #..###
#≈≈≈# ###....### ##...##
≈≈≈######....#...###..⌠..#
≈##..##.....####..###...##
#####......## ##......##
######## ########


You could see a frost giant.

Vanquished Creatures
  Josephine (D:10)
  Harold (D:11)
  A catoblepas (D:9)
  3 two-headed ogres
  A death yak (IceCv)
  An ice statue (IceCv)
  2 gargoyles (D:11)
  2 rust devils
  Maggie (D:7)
  A kobold demonologist (D:10)
  A troll (D:11)
  12 polar bears (IceCv)
  Grinder (D:3)
  3 hornets
  Sigmund (D:2)
  A shadow (D:10)
  4 wraiths (D:10)
  20 yaks
  Grum (D:11)
  2 steam dragons
  A wyvern (D:5)
  Edmund (D:4)
  5 water moccasins
  An ice beast (D:5)
  3 orc warriors
  3 black bears (D:9)
  2 sky beasts
  2 necrophages
  2 ogres
  18 wolves
  7 centaurs
  4 phantoms
  3 bullfrogs (D:9)
  4 scorpions
  A water moccasin zombie (D:5)
  4 wights (D:9)
  2 howler monkeys
  A bullfrog zombie (D:5)
  4 hounds
  5 centaur zombies
  5 orc priests
  3 iguanas (D:5)
  Jessica (D:2)
  4 orc wizards
  Terence (D:2)
  3 hound skeletons
  A howler monkey zombie (D:9)
  2 howler monkey skeletons
  7 gnolls
  9 adders
  A white imp (D:7)
  A worm (D:2)
  3 dart slugs
  26 orcs
  4 ball pythons
  7 endoplasms
  3 giant cockroaches
  10 goblins
  9 hobgoblins
  12 jackals
  4 quokkas
  6 bats
  A frilled lizard (D:3)
  7 kobolds
  9 rats
272 creatures vanquished.

Vanquished Creatures (collateral kills)
  A water moccasin (D:9)
1 creature vanquished.

Vanquished Creatures (others)
  A polar bear (IceCv)
  2 wolves (IceCv)
  28 fungi (D:9)
  35 plants (D:9)
66 creatures vanquished.

Grand Total: 339 creatures vanquished

Notes
Turn   | Place    | Note
-------+----------+-------------------------------------------
     0 | D:1      | pokeman the Deep Elf Hedge Wizard began the quest for the
                  | Orb.
     0 | D:1      | Reached XP level 1. HP: 10/10 MP: 7/7
   168 | D:1      | Found Jinul's Armour Emporium.
   431 | D:1      | Reached XP level 2. HP: 16/16 MP: 6/9
  1032 | D:1      | Found a faded altar of an unknown god.
  1184 | D:1      | Reached skill level 5 in Spellcasting
  1964 | D:2      | Reached XP level 3. HP: 20/20 MP: 4/11
  1968 | D:2      | Learned a level 3 spell: Mephitic Cloud
  1971 | D:2      | Learned a level 2 spell: Call Imp
  1974 | D:2      | Learned a level 2 spell: Blink
  1978 | D:2      | Learned a level 3 spell: Conjure Flame
  2215 | D:2      | Reached skill level 1 in Fighting
  2382 | D:2      | Noticed Sigmund
  2403 | D:2      | HP: 1/20 [Sigmund/puff of flame (10)]
  2808 | D:2      | Reached skill level 1 in Armour
  2846 | D:2      | Killed Sigmund
  2847 | D:2      | Reached skill level 6 in Spellcasting
  2847 | D:2      | Reached skill level 1 in Fire Magic
  2847 | D:2      | Reached XP level 4. HP: 25/25 MP: 3/14
  2847 | D:2      | Reached XP level 5. HP: 29/29 MP: 3/15
  2985 | D:2      | Noticed Terence
  3007 | D:2      | Killed Terence
  3350 | D:2      | Noticed Jessica
  3354 | D:2      | Killed Jessica
  3355 | D:2      | Reached XP level 6. HP: 34/34 MP: 10/17
  3706 | D:3      | Noticed Grinder
  3770 | D:3      | Killed Grinder
  3771 | D:3      | Reached skill level 7 in Spellcasting
  3771 | D:3      | Reached skill level 1 in Air Magic
  4112 | D:3      | Found a sparkling altar of Nemelex Xobeh.
  5063 | D:4      | Found a staircase to the Ecumenical Temple.
  5078 | Temple   | Entered the Ecumenical Temple
  5085 | Temple   | Became a worshipper of Vehumet
  5103 | D:4      | Reached skill level 1 in Poison Magic
  5103 | D:4      | Reached skill level 1 in Evocations
  5103 | D:4      | Reached XP level 7. HP: 17/38 MP: 11/20
  5581 | D:4      | Reached skill level 8 in Spellcasting
  5656 | D:4      | Identified the +5 mace of Fauck {vorpal, rF- rC+ rN+ rCorr}
  5885 | D:4      | Reached skill level 1 in Necromancy
  6028 | D:4      | Noticed Edmund
  6049 | D:4      | Killed Edmund
  6722 | D:5      | Entered Level 5 of the Dungeon
  6728 | D:5      | Reached * piety under Vehumet
  6728 | D:5      | Offered knowledge of Shock by Vehumet.
  6731 | D:5      | Learned a level 1 spell: Shock
  6792 | D:5      | Reached XP level 8. HP: 44/44 MP: 19/22
  6812 | D:5      | Reached skill level 9 in Spellcasting
  6977 | D:5      | Reached skill level 5 in Conjurations
  6980 | D:5      | Identified the +0 ring mail of Birdsong {Rampage Will+
                  | Stlth+}
  7408 | D:5      | Reached skill level 10 in Spellcasting
  7591 | D:5      | Found Vujer's General Store.
  7597 | D:5      | Bought a scroll of noise for 12 gold pieces
  8295 | D:6      | Reached XP level 9. HP: 17/48 MP: 11/25
  8658 | D:5      | Noticed a rust devil
  8658 | D:5      | Noticed a rust devil
  8817 | D:6      | Reached skill level 5 in Fire Magic
  8822 | D:6      | Found a broken altar of Ashenzari.
  8822 | D:6      | Found a bloodstained altar of Trog.
  8828 | D:6      | Found an ornate altar of the Wu Jian Council.
  8830 | D:6      | Found a basalt altar of Yredelemnul.
  8832 | D:6      | Found a burning altar of Makhleb.
  9060 | D:6      | Reached skill level 11 in Spellcasting
  9387 | D:7      | Found an iron altar of Okawaru.
 10393 | D:7      | Identified the +0 buckler "Guerisoe" {rF+ Int+5}
 10423 | D:7      | Offered knowledge of Freeze by Vehumet.
 10619 | D:7      | Noticed Maggie
 10656 | D:7      | Killed Maggie
 10657 | D:7      | Reached skill level 12 in Spellcasting
 10760 | D:7      | Found a hide-covered altar of Uskayaw.
 10840 | D:8      | Reached ** piety under Vehumet
 10992 | D:8      | Reached XP level 10. HP: 51/53 MP: 26/28
 11078 | D:8      | Noticed a two-headed ogre
 11102 | D:8      | Killed a two-headed ogre
 11103 | D:8      | Reached skill level 1 in Shields
 11231 | D:8      | Noticed a two-headed ogre
 11253 | D:8      | Killed a two-headed ogre
 11636 | D:9      | Found Quer's Antique Weapon Emporium.
 11734 | D:9      | Reached skill level 13 in Spellcasting
 12325 | D:9      | Found a staircase to the Lair.
 12387 | D:9      | Found a hazy altar of Hepliaklqana.
 12460 | D:9      | Noticed a catoblepas
 12484 | D:9      | Killed a catoblepas
 12817 | D:9      | Found a staircase to the Orcish Mines.
 13135 | D:9      | Found a sacrificial altar of Ru.
 13181 | Orc:1    | Entered Level 1 of the Orcish Mines
 13210 | D:10     | Entered Level 10 of the Dungeon
 13216 | D:10     | Found a white marble altar of Elyvilon.
 13290 | D:10     | Noticed a two-headed ogre
 13306 | D:10     | Killed a two-headed ogre
 13307 | D:10     | Reached skill level 14 in Spellcasting
 13307 | D:10     | Reached XP level 11. HP: 57/57 MP: 27/31
 13412 | D:10     | HP: 2/57 [centaur/arrow (7)]
 13416 | D:10     | Noticed Josephine
 13426 | D:10     | Offered knowledge of Ignite Poison by Vehumet.
 13426 | D:10     | Paralysed by a hornet for 2 turns
 13465 | D:10     | Killed Josephine
 13624 | D:10     | Learned a level 3 spell: Stone Arrow
 13627 | D:10     | Learned a level 2 spell: Passwall
 14464 | D:6      | Reached skill level 1 in Transmutations
 14464 | D:6      | Reached skill level 1 in Earth Magic
 14802 | D:11     | Reached *** piety under Vehumet
 14880 | D:11     | Noticed Harold
 14895 | D:11     | Killed Harold
 14896 | D:11     | Reached skill level 15 in Spellcasting
 15059 | D:11     | Noticed Grum
 15078 | D:11     | Killed Grum
 15343 | D:12     | Found a portal to a secret trove of treasure.
 15407 | D:12     | Found a frozen archway.
 15410 | D:12     | Noticed a two-headed ogre
 15411 | D:12     | Noticed a brown ugly thing
 15414 | IceCv    | Entered an ice cave
 15423 | IceCv    | Offered knowledge of Frozen Ramparts by Vehumet.
 15710 | IceCv    | Found the +7 sceptre of Torment {pain, torment}
 15827 | IceCv    | Reached XP level 12. HP: 64/64 MP: 33/33
 16177 | IceCv    | Reached skill level 16 in Spellcasting
 16248 | IceCv    | Reached **** piety under Vehumet
 16401 | IceCv    | Reached skill level 10 in Conjurations
 16646 | IceCv    | Noticed a death yak
 16652 | IceCv    | Killed a death yak
 16683 | IceCv    | Noticed a frost giant
 16691 | IceCv    | Killed from afar by a frost giant

Illustrated notes

Levels and vault maps discovered:
D:1:      amcnicky_arrival_wind_blow, layout_loops_corners, serial_shops,
          nicolae_shop_behind_doors, hellmonk_ecumenical_altar_zigzags,
          grunt_decor_mini_mirrors, minivault_5
D:2:      layout_basic, minmay_between, uniq_terence, uniq_sigmund, uniq_jessica
D:3:      layout_basic, nemelex_dance_club_becter, nrook_loot_triangle,
          uniq_grinder
D:4:      layout_loops_cross, nicolae_overflow_hidden_temple,
          minmay_temple_entry_stoned_glass, uniq_edmund
D:5:      cheibrodos_iron_armory, layout_basic, serial_shops, shop,
          minmay_fractal_squares_5
D:6:      layout_loops_cross, chequers_temple_overflow_minitemple
D:7:      layout_loops_cross, okawaru_trees_2, lemuel_coloured_pillars_altar,
          uniq_maggie
D:8:      layout_basic
D:9:      layout_stronghold, kennysheep_mini, kennysheep_little_box,
          due_lair_maze_entry_diamond, david_orc_3, serial_shops, shop
D:10:     layout_stronghold, nicolae_overflow_crystal_walls, uniq_josephine
D:11:     layout_rooms, uniq_harold, uniq_grum
D:12:     layout_roguey, enter_trove_1, portal_ice_cave_entry_pillars_2
Temple:   eino_temple_lava
Orc:1:    layout_caves, lightli_church_of_beogh, uniq_fannar, uniq_maurice,
          uniq_jorgrun, uniq_snorg
IceCv:    ice_cave_caverns_02

Skill      XL: |  1  2  3  4  5  6  7  8  9 10 11 12 |
---------------+-------------------------------------+-----
Spellcasting   | 5 6 7 8 10 12 14 15 16 | 16.3
Fighting       | 1 2 3 4 |  4.1
Armour         | 1 2 4 |  4.0
Dodging        | 3 |  3.3
Conjurations   | 2 3 4 5 7 8 9 10 | 10.1
Fire Magic     | 1 3 4 6 7 9 |  9.6
Stealth        | 3 |  3.2
Air Magic      | 1 |  1.2
Poison Magic   | 1 |  1.2
Evocations     | 1 |  1.2
Necromancy     | 1 |  1.0
Shields        | 3 4 |  4.0
Transmutations | 1 |  1.0
Earth Magic    | 1 |  1.0
Summonings     | |  1.1
Translocations | |  1.1

Action                   |  1- 3 |  4- 6 |  7- 9 | 10-12 || total
-------------------------+-------+-------+-------+-------++-------
Melee: Dagger            |    30 |     3 |       |       ||    33
       Unarmed           |       |    10 |       |       ||    10
       Mace              |       |       |    46 |    93 ||   139
 Cast: Magic Dart        |   101 |    98 |    84 |     1 ||   284
       Conjure Flame     |     2 |     2 |    27 |    42 ||    73
       Mephitic Cloud    |     2 |     1 |    17 |    31 ||    51
       Call Imp          |     1 |     6 |     1 |     6 ||    14
       Shock             |       |       |   171 |   171 ||   342
       Blink             |       |       |     1 |     8 ||     9
       Stone Arrow       |       |       |       |    95 ||    95
Evoke: Wand              |       |     1 |       |    19 ||    20
  Use: Scroll            |       |       |       |     1 ||     1
 Stab: Confused          |     1 |     1 |     1 |     7 ||    10
       Sleeping          |       |     1 |       |       ||     1
Armor: Robe              |    10 |     1 |       |       ||    11
       Skin              |       |     1 |       |       ||     1
       Leather armour    |       |     3 |    25 |       ||    28
       Steam dragon scal |       |       |       |    41 ||    41
Dodge: Dodged            |    38 |    10 |    53 |   113 ||   214
Block: Buckler           |       |       |       |    15 ||    15

Table legend: (Time is in decaauts)
 A = Elapsed time spent in this place.
 B = Non-inter-level travel time spent in this place.
 C = Inter-level travel time spent in this place.
 D = Time resting spent in this place.
 E = Time spent auto-exploring this place.
 F = Levels seen in this place.
 G = Mean time per level.
                   A        B        C        D        E       F      G
               +--------+--------+--------+--------+--------+-----+--------+
         Total |  16764 |  16042 |    722 |   1712 |  11771 |  15 | 1117.6 |
       Dungeon |  15444 |  14728 |    716 |    977 |  11657 |  12 | 1287.0 |
        Temple |     14 |      8 |      6 |      0 |      0 |   1 |   14.0 |
  Orcish Mines |      1 |      1 |      0 |      0 |      0 |   1 |    1.0 |
      Ice Cave |   1303 |   1303 |      0 |    735 |    114 |   1 | 1303.0 |
               +--------+--------+--------+--------+--------+-----+--------+

Top non-repeatable levels by time:
     D:1: 2244 daAuts
     D:9: 1673 daAuts
     D:5: 1667 daAuts
     D:4: 1647 daAuts
     D:7: 1527 daAuts
     D:2: 1417 daAuts
     D:3: 1400 daAuts
     D:6: 1311 daAuts
   IceCv: 1303 daAuts
    D:10: 1176 daAuts
     D:8: 858 daAuts
    D:11: 436 daAuts
    D:12: 81 daAuts
  Temple: 14 daAuts
   Orc:1: 1 daAuts
